Map: Romanticide LE

Players

BisugoPh

  • Race: Protoss Protoss
  • League: Diamond
  • Spawn Location: 5:00

Heeebster - Winner!

  • Race: Protoss Protoss
  • League: Diamond
  • Spawn Location: 11:00

VOD

Have the link to the VOD?

Description

Time

  • Played on: Nov. 16, 2020, 8:37 p.m.
  • Length: 3:35
Show
View Real Time Build Order
Export as new Build Order

BisugoPh Protoss 

Build Orders:  

Get SALT Encoding   

  12  0:00  Probe  
  13  0:12  Probe  
  14  0:17  Pylon  
  14  0:24  Probe (Chrono Boost)  
  15  0:36  Probe (Chrono Boost)  
  15  0:38  Gateway  
  16  0:44  Probe (Chrono Boost)  
  16  0:48  Assimilator  
  17  0:51  Probe  
  18  0:58  Assimilator  
  18  1:03  Probe  
  19  1:10  Gateway  
  19  1:16  Probe  
  20  1:26  Cybernetics Core  
  20  1:40  Pylon  
  20  2:01  Stalker (Chrono Boost)  
  20  2:08  Shield Battery  
  20  2:09  Stalker (Chrono Boost)  
  20  2:18  Shield Battery  
  20  2:33  Probe  
  21  2:48  Probe  
Show
View Real Time Build Order
Export as new Build Order

Heeebster Protoss - Winner!

Build Orders: Cannon Rush 

Get SALT Encoding   

  12  0:02  Probe  
  13  0:15  Pylon  
  13  0:17  Probe  
  14  0:29  Probe (Chrono Boost)  
  14  0:34  Forge  
  15  0:41  Probe (Chrono Boost)  
  16  0:48  Probe (Chrono Boost)  
  17  0:58  Probe (Chrono Boost)  
  18  1:06  Pylon  
  18  1:24  Pylon  
  18  1:25  Photon Cannon  
  18  1:27  Photon Cannon  
  18  1:43  Photon Cannon  
  18  1:45  Photon Cannon  
  18  1:52  Photon Cannon  
  18  2:04  Photon Cannon  
  18  2:11  Photon Cannon  
  18  2:13  Pylon  
  18  2:22  Photon Cannon  
  18  2:31  Photon Cannon  
  18  2:32  Photon Cannon  
  18  2:42  Photon Cannon  
  18  2:51  Photon Cannon  
  18  3:02  Photon Cannon  
  18  3:12  Photon Cannon  
  18  3:19  Assimilator  
  18  3:22  Assimilator  
  18  3:31  Photon Cannon  
Tags
 
Matchup
PvP
Replay Pack
Replays
Spawn Locations
Cross Positions
Add a new tag
Caveats
  • Supply blocks, unpowered buildings, or Contaminate may cause inaccurate times.
  • Supply counts are checked every 10 seconds.